[Event "ESTCC-50 2025"]
[Site "Swidnica"]
[Date "2025.04.08"]
[Round "4.1"]
[White "Laszewicz, Pawel"]
[Black "Emms, John M"]
[Result "1/2-1/2"]
[Annotator "RC"]
[ECO "C44"]
[WhiteElo "2011"]
[BlackElo "2411"]
[PlyCount "34"]
[EventDate "2025.04.05"]
[EventType "team-tourn"]
[EventCountry "POL"]
[SourceTitle "playchess.com"]
[Source "ChessBase"]
[SourceQuality "1"]
[WhiteTeam "Poland"]
[BlackTeam "England"]
[WhiteTeamCountry "POL"]
[BlackTeamCountry "ENG"]
[TimeControl "40/5400+30:1800+30"]

1. e4 e5 2. Nf3 Nc6 3. d4 exd4 4. Nxd4 Nf6 5. Nxc6 bxc6 6. Bd3 d5 7. Qe2 dxe4 8. Nc3 Bb4 9. Bxe4 Bxc3+ 10. bxc3 Nxe4 11. Qxe4+ Qe7 12. Qxe7+ Kxe7 13. Bf4 Rb8 14. O-O-O Rb7 15. Rhe1+ Be6 16. Re3 Rhb8 17. Rd4 c5 1/2-1/2

[Event "ESTCC-50 2025"]
[Site "Swidnica"]
[Date "2025.04.08"]
[Round "4.2"]
[White "Flear, Glenn C"]
[Black "Machlowski, Slawomir"]
[Result "1-0"]
[Annotator "RC"]
[ECO "A40"]
[WhiteElo "2366"]
[BlackElo "1963"]
[PlyCount "38"]
[EventDate "2025.04.05"]
[EventType "team-tourn"]
[EventCountry "POL"]
[SourceTitle "playchess.com"]
[Source "ChessBase"]
[SourceQuality "1"]
[WhiteTeam "England"]
[BlackTeam "Czech Republic"]
[WhiteTeamCountry "ENG"]
[BlackTeamCountry "CZE"]
[TimeControl "40/5400+30:1800+30"]

1. d4 e6 2. c4 b6 3. a3 Bb7 4. Nc3 f5 5. Bf4 Nf6 6. e3 Be7 7. h4 d6 8. Nf3 h6 9. Bd3 Ne4 10. Bxe4 Bxe4 11. Nxe4 fxe4 12. Nd2 d5 13. Qg4 Kf7 14. f3 Nd7 15. cxd5 exd5 16. Qh5+ Kf8 17. Qxd5 exf3 18. Qxf3 Bxh4+ 19. Rxh4 Ke8 1-0

[Event "ESTCC-50 2025"]
[Site "Swidnica"]
[Date "2025.04.08"]
[Round "4.3"]
[White "Kruczynski, Marek"]
[Black "Davies, Nigel R"]
[Result "0-1"]
[Annotator "RC"]
[ECO "B23"]
[WhiteElo "1862"]
[BlackElo "2309"]
[PlyCount "82"]
[EventDate "2025.04.05"]
[EventType "team-tourn"]
[EventCountry "POL"]
[SourceTitle "playchess.com"]
[Source "ChessBase"]
[SourceQuality "1"]
[WhiteTeam "Poland"]
[BlackTeam "England"]
[WhiteTeamCountry "POL"]
[BlackTeamCountry "ENG"]
[TimeControl "40/5400+30:1800+30"]

1. e4 c5 2. Nc3 e6 3. Nge2 a6 4. g3 Nc6 5. Bg2 d6 6. O-O Nf6 7. h3 Be7 8. g4 h6 9. d3 g5 10. Ng3 Ne5 11. d4 cxd4 12. Qxd4 Ng6 13. Rd1 Qc7 14. Be3 Bd7 15. Qb6 Qxb6 16. Bxb6 h5 17. f3 Rc8 18. Rd2 Ne5 19. Be3 Nc4 20. Bxg5 hxg4 21. hxg4 Nxg4 22. Bxe7 Kxe7 23. Re2 Nge3 24. Nd1 Nxd1 25. Rxd1 Rhg8 26. Nf1 Nxb2 27. Rb1 Bb5 28. Rf2 Na4 29. Ne3 Nc3 30. Rb2 Rc5 31. Rb3 Bc6 32. a3 b5 33. Kf1 d5 34. e5 d4 35. Ng4 Nd1 36. Rd2 Rxg4 37. Rxd1 Rf4 38. Rd2 Rxe5 39. Rbd3 Rc5 40. Rxd4 Rxd4 41. Rxd4 Rxc2 0-1

[Event "ESTCC-50 2025"]
[Site "Swidnica"]
[Date "2025.04.08"]
[Round "4.5"]
[White "Rogowski, Jaroslaw"]
[Black "Zych, Marek"]
[Result "1/2-1/2"]
[Annotator "NA RC"]
[ECO "D97"]
[WhiteElo "2050"]
[BlackElo "1942"]
[PlyCount "45"]
[EventDate "2025.04.05"]
[EventType "team-tourn"]
[EventCountry "POL"]
[SourceTitle "playchess.com"]
[Source "ChessBase"]
[SourceQuality "1"]
[WhiteTeam "Poland"]
[BlackTeam "Poland"]
[WhiteTeamCountry "POL"]
[BlackTeamCountry "POL"]
[TimeControl "40/5400+30:1800+30"]

1. Nf3 Nf6 2. d4 g6 3. c4 Bg7 4. Nc3 d5 5. Qb3 dxc4 6. Qxc4 O-O 7. e4 Na6 8. Be2 c5 9. d5 e6 10. O-O exd5 11. exd5 Nb4 12. Bg5 h6 13. Bxf6 Bxf6 14. Qxc5 Qb6 15. Qxb6 axb6 16. Bc4 Bf5 17. Rfd1 Rfc8 18. Bf1 Bxc3 19. bxc3 Rxc3 20. d6 Nc6 21. Rd2 Rd8 22. Re1 Rc2 23. Red1 1/2-1/2

[Event "ESTCC-50 2025"]
[Site "Swidnica"]
[Date "2025.04.08"]
[Round "4.6"]
[White "Szmyd, Marek"]
[Black "Ograbek, Grzegorz"]
[Result "1-0"]
[Annotator "NA RC"]
[ECO "C00"]
[WhiteElo "1900"]
[BlackElo "2068"]
[PlyCount "71"]
[EventDate "2025.04.05"]
[EventType "team-tourn"]
[EventCountry "POL"]
[SourceTitle "playchess.com"]
[Source "ChessBase"]
[SourceQuality "1"]
[WhiteTeam "Poland"]
[BlackTeam "Poland"]
[WhiteTeamCountry "POL"]
[BlackTeamCountry "POL"]
[TimeControl "40/5400+30:1800+30"]

1. e4 e6 2. c4 d5 3. cxd5 exd5 4. exd5 Nf6 5. Nf3 Nxd5 6. d4 Be7 7. Nc3 c6 8. Bc4 O-O 9. Bxd5 cxd5 10. Qb3 Nc6 11. O-O Be6 12. Qxb7 Nb4 13. Bf4 Nd3 14. Bg3 Bd6 15. Qb5 Nf4 16. Ne5 Bxe5 17. dxe5 Ng6 18. Rfd1 Rb8 19. Qe2 h5 20. Qxh5 Rxb2 21. Ne2 Qc8 22. h3 Qa6 23. Nd4 Ne7 24. Bh4 Ng6 25. Bg3 Ne7 26. Nf3 Bf5 27. Bh4 Bg6 28. Qg4 Nf5 29. Rxd5 Rfb8 30. Rad1 Rb1 31. Rxb1 Rxb1+ 32. Kh2 Rb8 33. Qg5 Qxa2 34. Rd8+ Rxd8 35. Qxd8+ Kh7 36. Ng5+ 1-0

[Event "ESTCC-50 2025"]
[Site "Swidnica"]
[Date "2025.04.08"]
[Round "4.7"]
[White "Czyz, Andrzej"]
[Black "Stec, Czeslaw"]
[Result "1/2-1/2"]
[Annotator "NA RC"]
[ECO "D30"]
[WhiteElo "1985"]
[BlackElo "1820"]
[PlyCount "57"]
[EventDate "2025.04.05"]
[EventType "team-tourn"]
[EventCountry "POL"]
[SourceTitle "playchess.com"]
[Source "ChessBase"]
[SourceQuality "1"]
[WhiteTeam "Poland"]
[BlackTeam "Poland"]
[WhiteTeamCountry "POL"]
[BlackTeamCountry "POL"]
[TimeControl "40/5400+30:1800+30"]

1. d4 d5 2. c4 e6 3. Nf3 c5 4. cxd5 exd5 5. g3 Nc6 6. Bg2 Nf6 7. Nc3 cxd4 8. Nxd4 Bc5 9. Nxc6 bxc6 10. O-O O-O 11. Qc2 Bb6 12. Bg5 h6 13. Bxf6 Qxf6 14. e3 Bf5 15. Qa4 Rac8 16. Rac1 d4 17. exd4 Bxd4 18. Rcd1 Bb6 19. Qf4 Qg6 20. Be4 Bxe4 21. Nxe4 Rfe8 22. Rfe1 Bc7 23. Qf3 Re7 24. Nc3 Rce8 25. Rxe7 Rxe7 26. Rd2 Ba5 27. Re2 Rxe2 28. Qxe2 Bxc3 29. bxc3 1/2-1/2

[Event "ESTCC-50 2025"]
[Site "Swidnica"]
[Date "2025.04.08"]
[Round "4.8"]
[White "Zaremba, Artur"]
[Black "Wielosz, Jaroslaw"]
[Result "*"]
[Annotator "RC"]
[ECO "B00"]
[WhiteElo "2133"]
[BlackElo "1939"]
[PlyCount "128"]
[EventDate "2025.04.05"]
[EventType "team-tourn"]
[EventCountry "POL"]
[SourceTitle "playchess.com"]
[Source "ChessBase"]
[SourceQuality "1"]
[WhiteTeam "Poland"]
[BlackTeam "Poland"]
[WhiteTeamCountry "POL"]
[BlackTeamCountry "POL"]
[TimeControl "40/5400+30:1800+30"]

1. e4 e5 2. Nf3 Nc6 3. Bc4 Bc5 4. O-O Nf6 5. Nc3 d6 6. h3 h6 7. d3 Na5 8. Bb5+ c6 9. Ba4 b5 10. Bb3 Nxb3 11. axb3 Bb6 12. d4 Bc7 13. b4 O-O 14. Be3 a5 15. dxe5 dxe5 16. Bc5 Re8 17. bxa5 Nd7 18. Bd6 Rxa5 19. Rxa5 Bxa5 20. b4 Bb6 21. Qd3 Qf6 22. Rd1 Re6 23. Ne2 g6 24. Nc1 Re8 25. c4 c5 26. bxc5 Nxc5 27. Bxc5 Bxc5 28. cxb5 Qb6 29. Rd2 Bb4 30. Rc2 Rd8 31. Qc4 Qd6 32. Na2 Qd1+ 33. Kh2 Be6 34. Qe2 Qxe2 35. Rxe2 Bd6 36. Rd2 Bc7 37. Rxd8+ Bxd8 38. Nb4 Bc4 39. Nc6 Bb6 40. Ncxe5 Bxb5 41. Ng4 Kg7 42. Kg1 Bc6 43. Nd2 Bd4 44. Ne3 Bc3 45. Nef1 Bd4 46. g3 Kf6 47. Kg2 Ke6 48. f3 f5 49. exf5+ Kxf5 50. Nc4 Kf6 51. Nce3 Kg7 52. h4 Bb7 53. Ng4 Bc6 54. Nd2 Bd5 55. Nf2 Bc6 56. Nde4 Bd5 57. g4 Be5 58. Ng3 Bxg3 59. Kxg3 Bc6 60. Kf4 Bd5 61. Ne4 Bc6 62. Ke5 Bd7 63. Nf6 Bb5 64. h5 g5 *

[Event "ESTCC-50 2025"]
[Site "Swidnica"]
[Date "2025.04.08"]
[Round "4.9"]
[White "Buckley, Graeme N"]
[Black "Lalic, Susan K"]
[Result "1/2-1/2"]
[Annotator "RC"]
[ECO "A43"]
[WhiteElo "2268"]
[BlackElo "2227"]
[PlyCount "21"]
[EventDate "2025.04.05"]
[EventType "team-tourn"]
[EventCountry "POL"]
[SourceTitle "playchess.com"]
[Source "ChessBase"]
[SourceQuality "1"]
[WhiteTeam "England"]
[BlackTeam "England"]
[WhiteTeamCountry "ENG"]
[BlackTeamCountry "ENG"]
[TimeControl "40/5400+30:1800+30"]

1. Nf3 Nf6 2. d4 c5 3. d5 d6 4. c4 g6 5. Nc3 Bg7 6. e4 O-O 7. Be2 a6 8. a4 a5 9. O-O Na6 10. h3 Nb4 11. Bf4 1/2-1/2

[Event "ESTCC-50 2025"]
[Site "Swidnica"]
[Date "2025.04.08"]
[Round "4.10"]
[White "Lauterbach, Ingrid"]
[Black "Dickenson, Neil F"]
[Result "0-1"]
[Annotator "RC"]
[ECO "A05"]
[WhiteElo "1998"]
[BlackElo "2250"]
[PlyCount "94"]
[EventDate "2025.04.05"]
[EventType "team-tourn"]
[EventCountry "POL"]
[SourceTitle "playchess.com"]
[Source "ChessBase"]
[SourceQuality "1"]
[WhiteTeam "England"]
[BlackTeam "England"]
[WhiteTeamCountry "ENG"]
[BlackTeamCountry "ENG"]
[TimeControl "40/5400+30:1800+30"]

1. Nf3 Nf6 2. b3 d6 3. d4 g6 4. Bb2 Bg7 5. Nbd2 O-O 6. e4 Nc6 7. d5 Nb8 8. c4 e6 9. dxe6 Bxe6 10. Qc2 Nc6 11. Be2 Nh5 12. Bxg7 Kxg7 13. Qc3+ Qf6 14. Qxf6+ Nxf6 15. O-O Rfe8 16. a3 Bg4 17. h3 Nxe4 18. Nxe4 Rxe4 19. Bd1 Bd7 20. Nd2 Re7 21. Bf3 Rae8 22. b4 b6 23. c5 dxc5 24. bxc5 Nd4 25. cxb6 axb6 26. Bd5 Re5 27. Bb7 b5 28. Nf3 Nxf3+ 29. Bxf3 c5 30. Rfd1 R8e7 31. Rac1 Be8 32. Bd5 Rc7 33. Rc3 c4 34. f4 Rf5 35. g3 Rd7 36. Bf3 Rxd1+ 37. Bxd1 Rd5 38. Be2 Bd7 39. h4 Rd2 40. Kf1 Kf6 41. Ke1 Ra2 42. Re3 h5 43. Bf3 Rb2 44. Bb7 Bf5 45. Bc6 Bd3 46. Kd1 Rb3 47. Kd2 c3+ 0-1

[Event "ESTCC-50 2025"]
[Site "Swidnica"]
[Date "2025.04.08"]
[Round "4.11"]
[White "Duncan, Chris R"]
[Black "Regan, Natasha K"]
[Result "1-0"]
[Annotator "RC"]
[ECO "A80"]
[WhiteElo "2178"]
[BlackElo "2056"]
[PlyCount "73"]
[EventDate "2025.04.05"]
[EventType "team-tourn"]
[EventCountry "POL"]
[SourceTitle "playchess.com"]
[Source "ChessBase"]
[SourceQuality "1"]
[WhiteTeam "England"]
[BlackTeam "England"]
[WhiteTeamCountry "ENG"]
[BlackTeamCountry "ENG"]
[TimeControl "40/5400+30:1800+30"]

1. d4 f5 2. Nc3 Nf6 3. Bg5 d5 4. e3 e6 5. Nf3 c5 6. Bd3 Nc6 7. O-O Be7 8. Bb5 O-O 9. Ne2 c4 10. c3 Bd7 11. b3 cxb3 12. axb3 h6 13. Bxf6 Bxf6 14. Nf4 Qe8 15. c4 g5 16. cxd5 gxf4 17. dxc6 bxc6 18. Bc4 fxe3 19. fxe3 c5 20. Ra6 Bc8 21. Ra5 cxd4 22. Nxd4 Kh8 23. Qf3 Bd7 24. Qf4 Kh7 25. Nf3 Qd8 26. Ra6 Bc8 27. Rd6 Qe7 28. Rfd1 Rg8 29. h3 Rg7 30. Ne5 Bg5 31. Qf3 Bb7 32. Nc6 Bxc6 33. Rxc6 Rg6 34. Bxe6 Rd8 35. Rxd8 Qxd8 36. Bxf5 Bxe3+ 37. Qxe3 1-0

[Event "ESTCC-50 2025"]
[Site "Swidnica"]
[Date "2025.04.08"]
[Round "4.12"]
[White "Jackson, Sheila"]
[Black "Crocker, Philip J"]
[Result "1/2-1/2"]
[Annotator "RC"]
[ECO "C58"]
[WhiteElo "2031"]
[BlackElo "2137"]
[PlyCount "54"]
[EventDate "2025.04.05"]
[EventType "team-tourn"]
[EventCountry "POL"]
[SourceTitle "playchess.com"]
[Source "ChessBase"]
[SourceQuality "1"]
[WhiteTeam "England"]
[BlackTeam "England"]
[WhiteTeamCountry "ENG"]
[BlackTeamCountry "ENG"]
[TimeControl "40/5400+30:1800+30"]

1. e4 e5 2. Nf3 Nc6 3. Bc4 Nf6 4. Ng5 d5 5. exd5 Na5 6. Bb5+ Bd7 7. Qe2 Bd6 8. Bxd7+ Qxd7 9. Nc3 c6 10. dxc6 Nxc6 11. Nge4 Nxe4 12. Nxe4 Be7 13. d3 O-O 14. O-O f5 15. Nc3 Rae8 16. Qd1 Bd6 17. f4 Qe7 18. Nd5 Qh4 19. g3 Qh3 20. c3 Bc5+ 21. Kh1 Rd8 22. c4 e4 23. dxe4 fxe4 24. Bd2 Rfe8 25. Bc3 e3 26. Qe2 Qf5 27. Rad1 a5 1/2-1/2

[Event "ESTCC-50 2025"]
[Site "Swidnica"]
[Date "2025.04.08"]
[Round "4.13"]
[White "Fletcher, John"]
[Black "Bischoff, Klaus"]
[Result "0-1"]
[Annotator "RC"]
[ECO "A45"]
[WhiteElo "1989"]
[BlackElo "2425"]
[PlyCount "68"]
[EventDate "2025.04.05"]
[EventType "team-tourn"]
[EventCountry "POL"]
[SourceTitle "playchess.com"]
[Source "ChessBase"]
[SourceQuality "1"]
[WhiteTeam "Wales"]
[BlackTeam "Germany"]
[WhiteTeamCountry "WLS"]
[BlackTeamCountry "GER"]
[TimeControl "40/5400+30:1800+30"]

1. d4 Nf6 2. Bg5 d6 3. Nc3 Nbd7 4. e4 e5 5. Nf3 Be7 6. Bc4 c6 7. Qe2 Qc7 8. O-O h6 9. Be3 b5 10. Bd3 Bb7 11. d5 a6 12. dxc6 Bxc6 13. a3 O-O 14. Nh4 Rfe8 15. Nf5 Bf8 16. Qf3 Kh7 17. g4 g6 18. Nxh6 Bxh6 19. Qh3 Nxg4 20. Qxg4 Rh8 21. Bxh6 Kxh6 22. f4 Kg7 23. f5 Nf6 24. Qg2 Rh6 25. Nd5 Bxd5 26. exd5 Qc5+ 27. Qf2 Rc8 28. Rae1 Rh4 29. Re3 Rxh2 30. Qg3 Rch8 31. b4 Rh1+ 32. Kf2 R8h2+ 33. Ke1 Qc3+ 34. Kd1 Qd2# 0-1

[Event "ESTCC-50 2025"]
[Site "Swidnica"]
[Date "2025.04.08"]
[Round "4.14"]
[White "Holzke, Frank"]
[Black "Adams, Mark"]
[Result "1-0"]
[Annotator "RC"]
[ECO "B28"]
[WhiteElo "2412"]
[BlackElo "1916"]
[PlyCount "105"]
[EventDate "2025.04.05"]
[EventType "team-tourn"]
[EventCountry "POL"]
[SourceTitle "playchess.com"]
[Source "ChessBase"]
[SourceQuality "1"]
[WhiteTeam "Germany"]
[BlackTeam "Wales"]
[WhiteTeamCountry "GER"]
[BlackTeamCountry "WLS"]
[TimeControl "40/5400+30:1800+30"]

1. e4 c5 2. Nf3 a6 3. c4 Nc6 4. d4 cxd4 5. Nxd4 e5 6. Nf5 d6 7. Bd3 g6 8. Ne3 Bh6 9. Nc3 Be6 10. Ncd5 Bxd5 11. cxd5 Nd4 12. h4 Nf6 13. h5 Nxh5 14. g4 Nf4 15. Rxh6 Rc8 16. Kf1 Qg5 17. Rh1 O-O 18. Ng2 Rxc1 19. Qxc1 Qxg4 20. Nxf4 exf4 21. Qc3 f3 22. Rg1 Qh3+ 23. Ke1 Qh2 24. Rg3 Nf5 25. Rxf3 Nh4 26. Bf1 Nxf3+ 27. Qxf3 Qe5 28. Rb1 f5 29. Bg2 Re8 30. Kf1 fxe4 31. Qb3 Qf5 32. Re1 e3 33. Rxe3 Rxe3 34. Qxe3 Qb1+ 35. Qe1 Qxb2 36. Qe6+ Kg7 37. Qe7+ Kh6 38. Qe3+ Kg7 39. Kg1 Qa1+ 40. Kh2 Qf6 41. a4 h5 42. a5 g5 43. Qb6 Qe7 44. Qd4+ Qf6 45. Qxf6+ Kxf6 46. Kg3 Ke5 47. Bf3 Kd4 48. Bxh5 Kxd5 49. Bf3+ Kc5 50. Bxb7 Kb5 51. Kg4 Kxa5 52. Kxg5 Kb6 53. f4 1-0

[Event "ESTCC-50 2025"]
[Site "Swidnica"]
[Date "2025.04.08"]
[Round "4.15"]
[White "Van Kemenade, Rudy"]
[Black "Boensch, Uwe"]
[Result "0-1"]
[Annotator "RC"]
[ECO "B40"]
[WhiteElo "1945"]
[BlackElo "2465"]
[PlyCount "58"]
[EventDate "2025.04.05"]
[EventType "team-tourn"]
[EventCountry "POL"]
[SourceTitle "playchess.com"]
[Source "ChessBase"]
[SourceQuality "1"]
[WhiteTeam "Wales"]
[BlackTeam "Germany"]
[WhiteTeamCountry "WLS"]
[BlackTeamCountry "GER"]
[TimeControl "40/5400+30:1800+30"]

1. e4 c5 2. Nf3 e6 3. d3 d5 4. Qe2 Nc6 5. g3 Nge7 6. Bg2 g6 7. O-O Bg7 8. c3 O-O 9. h4 b6 10. a4 e5 11. Ng5 h6 12. Nh3 Be6 13. f4 Qd7 14. Nf2 f5 15. Rd1 Rae8 16. fxe5 fxe4 17. dxe4 d4 18. Bf4 Nxe5 19. cxd4 cxd4 20. Nc3 Bc4 21. Qc2 Rc8 22. Qb1 Ng4 23. Nh3 a6 24. Rd2 Qe8 25. Nd5 Nxd5 26. exd5 Rxf4 27. gxf4 Qe3+ 28. Rf2 Qg3 29. Qxg6 Qh2# 0-1

[Event "ESTCC-50 2025"]
[Site "Swidnica"]
[Date "2025.04.08"]
[Round "4.16"]
[White "Tischbierek, Raj"]
[Black "Hughes, Anthony"]
[Result "1-0"]
[Annotator "RC"]
[ECO "B12"]
[WhiteElo "2418"]
[BlackElo "1911"]
[PlyCount "83"]
[EventDate "2025.04.05"]
[EventType "team-tourn"]
[EventCountry "POL"]
[SourceTitle "playchess.com"]
[Source "ChessBase"]
[SourceQuality "1"]
[WhiteTeam "Germany"]
[BlackTeam "Wales"]
[WhiteTeamCountry "GER"]
[BlackTeamCountry "WLS"]
[TimeControl "40/5400+30:1800+30"]

1. e4 c6 2. d4 d5 3. e5 c5 4. Nf3 cxd4 5. Qxd4 Nc6 6. Qf4 e6 7. Nc3 a6 8. Bd3 Qc7 9. Qg3 Nge7 10. O-O Nb4 11. Bd2 Nxd3 12. cxd3 Nf5 13. Qf4 f6 14. Rac1 g5 15. Qa4+ Bd7 16. Qd1 Bc6 17. exf6 h6 18. Re1 Kf7 19. Qe2 Qd6 20. g4 Nh4 21. Nxh4 gxh4 22. d4 Rg8 23. f4 Re8 24. g5 Qb4 25. Qd3 Rg6 26. Nd1 Qd6 27. Re5 Qd7 28. Nf2 Bd6 29. Ng4 hxg5 30. fxg5 Bb5 31. Qf3 Rh8 32. Rce1 Re8 33. Kf2 Qc7 34. Bc3 Qc4 35. a4 Bd7 36. R1e3 Qxa4 37. Nh6+ Kf8 38. Qh5 Qc2+ 39. Re2 Qb1 40. Ng4 Bxe5 41. Qh8+ Rg8 42. Qh6+ 1-0